 Dungeon Crawl Stone Soup version 0.29-a0-392-g297d3b089c (webtiles) character file.

Game seed: 13038671019462190524

2240 bande the Chopper (level 9, -8/55 HPs)
             Began as a Gargoyle Fighter on May 9, 2022.
             Was a Believer of Okawaru.
             Killed by the air
             ... invoked by Gastronok
              (18 damage)
             ... on level 8 of the Dungeon.
             The game lasted 00:12:48 (8408 turns).

bande the Chopper (Gargoyle Fighter)                Turns: 8408, Time: 00:12:49

Health: -8/55      AC: 20    Str: 26    XL:     9   Next: 36%
Magic:  12/12      EV:  9    Int: 18    God:    Okawaru [**....]
Gold:   1671       SH:  6    Dex: 13    Spells: 8/8 levels left

rFire   . . .      SeeInvis .   a - +0 war axe (chaos)
rCold   . . .      Faith    .   c - +1 buckler
rNeg    + . .      Spirit   .   b - +0 scale mail
rPois   ∞          Reflect  .   l - +2 helmet {Int+3}
rElec   +          Harm     .   g - +2 cloak {rCorr}
rCorr   +          Rampage  .   (no gloves)
Will    .....                   (no boots)
Stlth   ..........              (no amulet)
HPRegen 0.18/turn               h - +6 ring of strength
MPRegen 0.13/turn               j - +6 ring of intelligence

@: slowed, very slow
A: sickness immunity, AC +6, negative energy resistance 1, electricity
resistance, torment resistance 1, petrification resistance
a: Renounce Religion, Heroism


You were on level 8 of the Dungeon.
You worshipped Okawaru.
Okawaru was pleased with you.
You visited 2 branches of the dungeon, and saw 9 of its levels.
You also visited: Sewer and Ossuary.

You collected 1886 gold pieces.
You spent 215 gold pieces at shops.

Inventory:

Hand Weapons
 a - a +0 war axe of chaos (weapon)
 m - a +0 flail
Missiles
 o - a throwing net (quivered)
Armour
 b - a +0 scale mail (worn)
 c - a +1 buckler (worn)
 g - a +2 cloak of preservation (worn)
 l - a +2 helmet of intelligence (worn)
Jewellery
 f - an amulet of the acrobat
 h - a +6 ring of strength (left hand)
 j - a +6 ring of intelligence (right hand)
Wands
 x - a wand of digging (5)
Scrolls
 n - 2 scrolls of teleportation
 t - a scroll of amnesia {unknown}
 u - a scroll of identify
 v - a scroll of poison {unknown}
Potions
 d - 5 potions of might
 e - a potion of cancellation
 i - 2 potions of ambrosia
 k - a potion of haste
 q - a potion of heal wounds {unknown}
 r - a potion of magic {unknown}
 s - a potion of flight {unknown}
 w - a potion of mutation {unknown}


   Skills:
 + Level 6.0 Fighting
 + Level 7.9 Axes
 + Level 6.3 Armour
 - Level 1.1 Stealth
 + Level 5.1 Shields
 * Level 4.2 Invocations
 * Level 0.5 Evocations


You had 8 spell levels left.
You didn't know any spells.
Your spell library contained the following spells:

 Spells                   Type           Power      Damage    Failure   Level
 Pain                     Necr           0%         1d4       52%         1
 Vampiric Draining        Necr           0%         2d6       88%         3
 Freezing Cloud           Conj/Ice/Air   0%         6-21      100%        5
 Polar Vortex             Ice            0%         N/A       100%        9
 Animate Skeleton         Necr           Unusable   N/A       N/A         1
 Simulacrum               Ice/Necr       Unusable   N/A       N/A         6

Dungeon Overview and Level Annotations

Branches:
Dungeon (7/15)             Temple (1/1) D:4           Sewer (visited)
Ossuary (visited)

Altars:
Ashenzari
Cheibriados
Dithmenos
Fedhas
Gozag
Kikubaaqudgha
Makhleb
Okawaru
Qazlal
Ru
Sif Muna
Trog
Wu Jian
Xom
Yredelemnul
Zin
The Shining One

Shops:
D:4 [(?:

Annotations:
D:8 Gastronok


Innate Abilities, Weirdness & Mutations

You are immune to sickness and miasma.
Your stone body is resilient. (AC +6)
You are immune to poison.
You resist negative energy. (rN+)
You are resistant to electric shocks. (rElec)
You are resistant to unholy torment.
You are immune to petrification.


Message History

You slash the hornet!
You kill the hornet!
Okawaru is honoured by your kill.
Your Fighting skill increases to level 6!
You see here a hornet corpse.
Things that are here:
a +0 quarterstaff; a +0 hunting sling; a +0 leather armour
Things that are here:
a +0 quarterstaff; a +0 hunting sling; a +0 leather armour You see here a hornet corpse.
You start resting.
Gastronok is nearby!
Gastronok is nearby!
Gastronok is nearby!
Gastronok looks at you while chanting.
You feel yourself slow down.
Found a robe.
You hit Gastronok. You burn Gastronok.
Gastronok is lightly wounded.
Gastronok bites you!!
* * * LOW HITPOINT WARNING * * *
You hit Gastronok but do no damage.
Gastronok resists with almost no effort.
Gastronok is lightly wounded.
Gastronok bites you but does no damage.
You hit Gastronok.
Gastronok is lightly wounded.
Gastronok casts a spell.
You feel better.
You feel better. Gastronok bites you but does no damage.
You hit Gastronok but do no damage.
Space warps horribly around Gastronok!
Gastronok is lightly wounded.
Gastronok waves his eye-stalks in wide circles.
The air twists around and strikes you.
* * * LOW HITPOINT WARNING * * *
You slash Gastronok! You freeze Gastronok!
Gastronok is moderately wounded.
Gastronok waves his eye-stalks in wide circles.
The air twists around and strikes you!!
You die...

..[
##.##.#
......
#.##.#
#.##.#
#.##.# #
#.##.#
#.##.##.#
#...@...#
####w####
#b# #†#
###
#.###.##
###
#)##.#.##
#..
#...###.#
#.#
####.#.##
#.# ##.##
#####.#


You could see Gastronok and a bat (summoned).

Vanquished Creatures
  Joseph (D:8)
  A hornet (D:8)
  An ice beast (D:6)
  A black bear (D:6)
  2 ogres (D:6)
  2 elf zombies (Ossuary)
  A bullfrog (Sewer)
  A necrophage (D:6)
  3 scorpions
  A centaur zombie (Ossuary)
  5 hounds
  A human zombie (Ossuary)
  2 orc priests
  A jelly (D:5)
  4 iguanas
  2 mummies (Ossuary)
  15 adders
  7 gnolls
  9 river rats (D:6)
  A shadow imp (D:6)
  2 white imps
  An ufetubus (D:4)
  An adder zombie (Ossuary)
  3 dart slugs
  20 orcs
  13 endoplasms
  12 giant cockroaches
  5 goblins
  4 hobgoblins
  4 jackals (D:2)
  17 quokkas
  15 ball pythons
  5 bats
  12 frilled lizards
  3 goblin zombies (Ossuary)
  7 hobgoblin zombies (Ossuary)
  4 kobolds
  13 kobold zombies (Ossuary)
  9 orc zombies (Ossuary)
  23 rats
234 creatures vanquished.

Notes
Turn   | Place    | Note
-------+----------+-------------------------------------------
     0 | D:1      | bande the Gargoyle Fighter began the quest for the Orb.
     0 | D:1      | Reached XP level 1. HP: 14/14 MP: 1/1
   134 | D:1      | Found a faded altar of an unknown god.
   349 | D:1      | Reached XP level 2. HP: 18/19 MP: 2/2
   609 | D:1      | Reached skill level 2 in Axes
   866 | D:2      | Reached XP level 3. HP: 18/24 MP: 3/3
  1191 | D:2      | Found an opulent altar of Gozag.
  1270 | D:2      | Reached skill level 1 in Stealth
  1380 | D:2      | Reached XP level 4. HP: 25/29 MP: 4/4
  2328 | D:3      | Found a glowing drain.
  2342 | Sewer    | Entered a sewer
  2349 | Sewer    | Reached skill level 3 in Axes
  2349 | Sewer    | Reached XP level 5. HP: 30/33 MP: 5/5
  3148 | Sewer    | Reached skill level 4 in Axes
  3148 | Sewer    | Reached XP level 6. HP: 19/39 MP: 6/6
  3872 | D:4      | Found Suvast's Magic Scroll Shop.
  4055 | D:4      | Found Niarr's Antique Weapon Shop.
  4069 | D:4      | Found a sand-covered staircase.
  4080 | Ossuary  | Entered an ossuary
  4350 | Ossuary  | Reached XP level 7. HP: 29/44 MP: 7/7
  4527 | Ossuary  | Reached skill level 5 in Axes
  4825 | D:4      | Identified a scroll of acquirement
  4825 | D:4      | Acquired 1313 gold pieces
  4895 | D:4      | Found Iprextu's Book Emporium.
  5194 | D:4      | Found a staircase to the Ecumenical Temple.
  5204 | Temple   | Entered the Ecumenical Temple
  5209 | Temple   | Became a worshipper of Warmaster Okawaru
  5287 | D:4      | Found Sainkenk's Armour Shop.
  5290 | D:4      | Bought a +2 helmet of intelligence for 215 gold pieces
  5446 | D:5      | Entered Level 5 of the Dungeon
  6090 | D:5      | Reached skill level 5 in Armour
  6092 | D:5      | Reached skill level 1 in Invocations
  6234 | D:5      | Found a snail-covered altar of Cheibriados.
  6263 | D:5      | Reached skill level 5 in Fighting
  6456 | D:5      | Reached XP level 8. HP: 49/49 MP: 9/9
  6473 | D:5      | Reached skill level 6 in Axes
  6800 | D:6      | Found a blossoming altar of Fedhas.
  7039 | D:6      | Reached * piety under Okawaru
  7263 | D:6      | Reached skill level 7 in Axes
  7593 | D:6      | Reached XP level 9. HP: 40/55 MP: 11/11
  8005 | D:7      | You fall into a shaft and drop 1 floor!
  8008 | D:8      | Noticed Joseph
  8024 | D:8      | Killed Joseph
  8024 | D:8      | Reached ** piety under Okawaru
  8025 | D:8      | Reached skill level 5 in Shields
  8334 | D:8      | Noticed a hornet
  8335 | D:8      | Noticed Gastronok
  8370 | D:8      | Killed a hornet
  8408 | D:8      | Killed from afar by Gastronok

Illustrated notes

Levels and vault maps discovered:
D:1:      dpeg_arrival_prison, layout_loops_corners, basic_ecumenical_altar
D:2:      layout_loops_ring, basic_altar
D:3:      layout_basic, portal_sewer_entry_f
D:4:      layout_basic, minmay_temple_entry_nine_rooms, serial_shops, shop,
          kennysheep_mini, nicolae_diamond_shop, shop,
          lightli_ossuary_entry_decrepit_ruins
D:5:      layout_gridville, mainiacjoe_overflow_cross_hatched, st_stairs_11
D:6:      lemuel_ratsnest, layout_loops_cross, fedhas_altar_1
D:7:      layout_rooms, general_overflow_altar,
          nicolae_hepliaklqana_hazy_memory, palyth_stone_intersect
D:8:      layout_loops_cross, lair_entry_dummy, uniq_joseph, uniq_psyche,
          uniq_gastronok, uniq_erica
Temple:   minmay_freezing_vapour_temple

Skill      XL: |  1  2  3  4  5  6  7  8  9 |
---------------+----------------------------+-----
Axes           | 2 3 4 5 7 |  7.9
Stealth        | 1 |  1.1
Fighting       | 4 5 6 |  6.0
Armour         | 4 5 6 |  6.3
Shields        | 4 5 |  5.1
Invocations    | 1 3 4 |  4.2
Evocations     | |  0.5

Action                   |  1- 3 |  4- 6 |  7- 9 || total
-------------------------+-------+-------+-------++-------
Melee: War axe           |    80 |   271 |   309 ||   660
  Use: Scroll            |     3 |     7 |     7 ||    17
       Potion            |       |     1 |     2 ||     3
Armor: Scale mail        |    48 |   188 |   175 ||   411
Dodge: Dodged            |    34 |   155 |   124 ||   313
Block: Buckler           |    24 |    75 |    80 ||   179

Table legend: (Time is in decaauts)
 A = Elapsed time spent in this place.
 B = Non-inter-level travel time spent in this place.
 C = Inter-level travel time spent in this place.
 D = Time resting spent in this place.
 E = Time spent auto-exploring this place.
 F = Levels seen in this place.
 G = Mean time per level.
                   A        B        C        D        E       F      G
               +--------+--------+--------+--------+--------+-----+--------+
         Total |   8692 |   8571 |    121 |   2016 |   4738 |  11 |  790.2 |
       Dungeon |   6839 |   6718 |    121 |   1271 |   4253 |   8 |  854.9 |
        Temple |     10 |     10 |      0 |      0 |      0 |   1 |   10.0 |
         Sewer |   1099 |   1099 |      0 |    474 |    299 |   1 | 1099.0 |
       Ossuary |    743 |    743 |      0 |    271 |    185 |   1 |  743.0 |
               +--------+--------+--------+--------+--------+-----+--------+

Top non-repeatable levels by time:
     D:4: 1655 daAuts
     D:6: 1249 daAuts
   Sewer: 1099 daAuts
     D:2: 1068 daAuts
     D:3: 847 daAuts
     D:1: 831 daAuts
     D:5: 768 daAuts
 Ossuary: 743 daAuts
     D:8: 413 daAuts
  Temple: 10 daAuts
     D:7: 4 daAuts
